 Dungeon Crawl Stone Soup version 0.30-a0-1116-gebefce21f7 (webtiles) character file.

Game seed: 10182094758763702285

113080 Jeffwins the Skirmisher (level 17, -5/120 HPs)
             Began as a Human Wanderer on Apr 21, 2023.
             Was the Champion of Vehumet.
             Slain by a bone dragon (6 damage)
             ... on level 4 of the Abyss on Apr 22, 2023.
             The game lasted 01:41:58 (30629 turns).

Jeffwins the Skirmisher (Human Wanderer)           Turns: 30629, Time: 01:41:59

Health: -5/120     AC: 13    Str: 12      XL:     17   Next: 17%
Magic:  24/30      EV: 20    Int: 15 (16) God:    Vehumet [******]
Gold:   1019       SH: 11    Dex: 18      Spells: 5/35 levels left

rFire   + . .      SeeInvis .    a - +3 sling
rCold   + . .      Faith    .    n - +0 buckler
rNeg    . . .      Spirit   .    o - +0 troll leather armour
rPois   .          Reflect  +    O - +0 helmet
rElec   .          Rampage  .    i - +0 cloak {Will+}
rCorr   .                        l - +2 pair of gloves {Stlth+}
Will    ++...                    s - +3 pair of mountain boots {steadfast, rC+}
Stlth   ++++                     w - amulet of reflection
HPRegen 0.00/turn                E - +5 ring of evasion
MPRegen 0.22/turn                F - ring of protection from fire

@: sick
A: no striking features
a: Renounce Religion


You were on level 4 of the Abyss.
You worshipped Vehumet.
Vehumet was exalted by your worship.
You visited 5 branches of the dungeon, and saw 24 of its levels.
You visited the Abyss 1 time.
You also visited: Bailey, Ice Cave and Volcano.

You collected 4612 gold pieces.
You spent 3593 gold pieces at shops.


   Skills:
 + Level 7.3 Fighting
 * Level 11.5 Ranged Weapons
 + Level 6.2 Throwing
 + Level 6.9 Dodging
 - Level 5.0 Stealth
 - Level 5.0 Shields
 * Level 9.5 Spellcasting
 - Level 10.0 Conjurations
 - Level 8.0 Transmutations
 * Level 10.2 Fire Magic
 * Level 7.3 Ice Magic
 * Level 7.6 Air Magic
 - Level 8.0 Poison Magic
 + Level 7.8 Evocations


You had 5 spell levels left.
You knew the following spells:

 Your Spells              Type           Power      Damage    Failure   Level
b - Fireball              Conj/Fire      18%        3d9       2%          5
f - Freezing Cloud        Conj/Ice/Air   16%        6-21      4%          5
m - Mephitic Cloud        Conj/Pois/Air  32%        N/A       1%          3
s - Sticky Flame          Conj/Fire      37%        2d6       1%          4
z - Plasma Beam           Fire/Air       17%        2x1d31    17%         6
X - Ignite Poison         Fire/Tmut/Pois 33%        N/A       1%          3
Y - Frozen Ramparts       Ice            58%        1d9       1%          3
Z - Foxfire               Conj/Fire      100%       2x1d9     1%          1

Your spell library contained the following spells:

 Spells                   Type           Power      Damage    Failure   Level
 Conjure Ball Lightning   Conj/Air       16%        3x3d6     17%         6
 Magic Dart               Conj           100%       1d8       1%          1
 Momentum Strike          Conj/Tloc      44%        3d9       1%          2
 Dazzling Flash           Conj/Hex       44%        N/A       1%          3
 Volatile Blastmotes      Fire/Tloc      44%        2d13      1%          3
 Ozocubu's Armour         Ice            29%        N/A       2%          3
 Cigotuvi's Dreadful Rot  Necr/Pois/Air  44%        N/A       3%          2
 Iskenderun's Mystic Bla  Conj/Tloc      22%        2d6       6%          4
 Ice Form                 Ice/Tmut       30%        N/A       8%          4
 Apportation              Tloc           14%        N/A       17%         1
 Necrotise                Necr           28%        1d5       17%         1
 Summon Small Mammal      Summ           28%        N/A       17%         1
 Alistair's Intoxication  Tmut/Pois      20%        N/A       19%         5
 Blade Hands              Tmut           15%        N/A       19%         5
 Blink                    Tloc           14%        N/A       26%         2
 Call Imp                 Summ           14%        N/A       26%         2
 Lesser Beckoning         Tloc           14%        N/A       26%         2
 Summon Ice Beast         Ice/Summ       18%        N/A       36%         4
 Portal Projectile        Hex/Tloc       14%        N/A       45%         3
 Summon Guardian Golem    Hex/Summ       7%         N/A       45%         3
 Tukima's Dance           Hex            7%         N/A       45%         3
 Silence                  Hex/Air        9%         N/A       69%         5
 Dispel Undead            Necr           7%         3d8       86%         4
 Passage of Golubria      Tloc           7%         N/A       86%         4
 Agony                    Necr           7%         N/A       99%         5
 Borgnjor's Vile Clutch   Necr/Erth      3%         N/A       99%         5
 Summon Forest            Summ/Tloc      3%         N/A       99%         5
 Starburst                Conj/Fire      18%        6d7       11%         6
 Eringya's Noxious Bog    Tmut/Pois      15%        N/A       24%         6
 Orb of Destruction       Conj           18%        9d8       50%         7
 Ozocubu's Refrigeration  Ice            14%        4d10      83%         7
 Spellforged Servitor     Conj/Summ      11%        N/A       98%         7
 Death Channel            Necr           3%         N/A       100%        6
 Summon Hydra             Summ           3%         N/A       100%        7
 Lehudib's Crystal Spear  Conj/Erth      11%        10d4      100%        8

Inventory:

Hand Weapons
 a - a +3 sling (weapon)
 q - the +5 whip of Egomania {elec, Int+4}
   (You found it on level 3 of the Dungeon)

   Int:       It affects your intelligence (+4).
Missiles
 h - 26 poisoned darts (quivered)
 k - 11 datura-tipped darts
 B - 3 throwing nets {=f}
Armour
 i - a +0 cloak of willpower (worn)
 l - a +2 pair of gloves of stealth (worn)
 n - a +0 buckler (worn)
 o - a +0 troll leather armour (worn)
 s - the +3 pair of mountain boots (worn) {steadfast, rC+}
   (You bought it in a shop on level 2 of the Orcish Mines)

   Steadfast: It prevents involuntary movement, except for blinking,
   teleportation, or banishment.
   rC:        It protects you from cold.
 t - a +1 robe of cold resistance
 O - a +0 helmet (worn)
 Z - a +3 leather armour of poison resistance
Jewellery
 w - an amulet of reflection (around neck)
 E - a +5 ring of evasion (left hand)
 F - a ring of protection from fire (right hand)
 I - a +6 ring of intelligence
 L - a ring of flight
 R - a ring of resist corrosion
Wands
 b - a wand of polymorph (8)
 A - a wand of roots (1)
 K - a wand of mindburst (21)
 N - a wand of paralysis (18)
 V - a wand of flame (15)
Scrolls
 e - 5 scrolls of amnesia
 f - 8 scrolls of enchant weapon
 m - 2 scrolls of butterflies
 p - a scroll of fear
 r - 10 scrolls of enchant armour
 x - a scroll of magic mapping
 y - 5 scrolls of poison {!r}
 C - 4 scrolls of immolation {!r}
 J - 2 scrolls of fog
 M - a scroll of silence {!r}
Potions
 c - 4 potions of heal wounds {@q2}
 d - a potion of mutation {!q}
 g - 6 potions of magic
 j - 9 potions of might
 u - a potion of flight
 z - 9 potions of curing {@q1}
 D - 2 potions of ambrosia
 H - a potion of cancellation
 P - 3 potions of resistance
 Q - 3 potions of brilliance
 T - 2 potions of lignification {!q}
 W - a potion of invisibility
 Y - 2 potions of haste {@q3}
Miscellaneous
 v - a box of beasts (inert)
 U - a piece from Xom's chessboard (15/15)
 X - a phantom mirror (inert)

Dungeon Overview and Level Annotations

Branches:
Dungeon (15/15)            Temple (1/1) D:7            Lair (5/5) D:8
  Swamp (0/4) Lair:2        Snake (1/4) Lair:3        Slime (0/5) Lair:4
    Orc (2/2) D:10            Elf (0/3) Orc:2        Vaults (0/5) D:13
 Bailey (visited)           IceCv (visited)         Volcano (visited)
 Depths: D:15

Altars:
Ashenzari
Cheibriados
Dithmenos
Elyvilon
Fedhas
Gozag
Hepliaklqana
Kikubaaqudgha
Makhleb
Nemelex Xobeh
Okawaru
Qazlal
Ru
Sif Muna
Trog
Uskayaw
Vehumet
Wu Jian
Xom
Yredelemnul
Zin
The Shining One
Jiyva

Shops:
D:3 *   D:11 :   Orc:1 (   Orc:2 [(*[

Annotations:
D:14 Louise

. ▒ # .░░ ▒.
▒▒▒▒ ..▓.
▒@§▒
#..▓...░ .
▒D▒▒▒ .▒...
▒
▒.X▒z.▒#▒..▒
# .○X.▒x. .
. ░ ░
§§§..▒... .
# . .§▒w▒
▓.▒D#x.▒ ▒
▒▒▒.. 3
▓▒.... #. ▒
.▒▒▒▒
..#.##▒ . .
.. .. .. .
▒..▒.#..


You could see a bone dragon, an ancient zyme, a thrashing horror, a large
abomination, a starspawn tentacle and a flying skull.


Message History

You kill the raiju!
Vehumet accepts your kill.
The smoke demon is engulfed in freezing vapours.
You kill the smoke demon!
Vehumet accepts your kill.
The bone dragon is engulfed in freezing vapours.
The bone dragon barely misses you. The bone dragon closely misses you.
The bone dragon tramples you.
* * * LOW HITPOINT WARNING * * *
You hold your ground!
Unknown command.
The tormentor is engulfed in freezing vapours.
The thrashing horror is engulfed in freezing vapours.
The large abomination is engulfed in freezing vapours.
A tentacle flies out from the starspawn's body!
The bone dragon is engulfed in freezing vapours.
The bone dragon barely misses you. You block the bone dragon's attack. x2
A starspawn tentacle comes into view.
The thrashing horror is engulfed in freezing vapours. x2
The starspawn tentacle is engulfed in freezing vapours.
The bone dragon bites you!!
* * * LOW HITPOINT WARNING * * *
You block the bone dragon's attack. x2
The large abomination is engulfed in freezing vapours.
You hear an angry squeal.
A starspawn tentacle comes into view.
The thrashing horror is engulfed in freezing vapours. x2
The starspawn tentacle is engulfed in freezing vapours.
The bone dragon bites you.
You die...

Skill      XL: |  1  2  3  4  5  6  7  8  9 10 11 12 13 14 15 16 17 |
---------------+----------------------------------------------------+-----
Throwing       | 1 2 3 4 5 6 |  6.2
Conjurations   | 1 2 3 4 5 6 7 8 9 10 | 10.0
Fighting       | 2 3 4 5 6 7 |  7.3
Ranged Weapons | 5 6 7 8 9 10 11 | 11.5
Dodging        | 1 2 3 4 5 6 |  6.9
Spellcasting   | 2 3 4 5 6 7 8 9 |  9.5
Fire Magic     | 3 4 5 6 7 8 9 10 | 10.2
Evocations     | 3 4 5 6 7 |  7.8
Shields        | 2 3 4 5 |  5.0
Transmutations | 1 2 4 5 6 7 8 |  8.0
Poison Magic   | 1 2 4 5 6 7 8 |  8.0
Stealth        | 1 2 3 4 5 |  5.0
Air Magic      | 1 3 5 6 7 |  7.6
Ice Magic      | 1 3 4 5 7 |  7.3

Action                     |  1- 3 |  4- 6 |  7- 9 | 10-12 | 13-15 | 16-18 || total
---------------------------+-------+-------+-------+-------+-------+-------++-------
  Melee: Whip              |       |     3 |       |       |       |       ||     3
         Dagger            |       |       |       |     4 |       |       ||     4
   Fire: Sling             |    66 |    72 |   164 |   225 |   814 |   458 ||  1799
  Throw: Dart              |       |       |     7 |    67 |    44 |    63 ||   181
   Cast: Foxfire           |     1 |    26 |   174 |   345 |    82 |    45 ||   673
         Ignite Poison     |       |       |       |    25 |    26 |    22 ||    73
         Mephitic Cloud    |       |       |       |     3 |    14 |       ||    17
         Freezing Cloud    |       |       |       |       |   132 |    36 ||   168
         Sticky Flame      |       |       |       |       |    70 |    60 ||   130
         Frozen Ramparts   |       |       |       |       |    13 |     1 ||    14
         Fireball          |       |       |       |       |    22 |     8 ||    30
         Plasma Beam       |       |       |       |       |       |    33 ||    33
  Evoke: Wand              |       |     4 |    14 |     8 |    17 |     5 ||    48
         Box of beasts     |       |       |       |       |     2 |     2 ||     4
         Phantom mirror    |       |       |       |       |     1 |     1 ||     2
         Piece from Xom's  |       |       |       |       |       |     1 ||     1
    Use: Scroll            |       |     4 |    13 |     6 |    11 |     6 ||    40
         Potion            |       |     4 |     1 |     1 |     6 |     3 ||    15
 Armour: Robe              |     5 |       |    30 |       |       |       ||    35
         Leather armour    |       |     8 |     3 |    48 |    52 |       ||   111
         Troll leather arm |       |       |       |       |     2 |   101 ||   103
  Dodge: Dodged            |    12 |    27 |   129 |   245 |   263 |   275 ||   951
  Block: Buckler           |       |       |    34 |    83 |   162 |   234 ||   513
         Reflection        |       |       |       |       |    13 |    16 ||    29

Levels and vault maps discovered:
D:1:      minmay_arrival_shattered_statue, layout_loops_corners,
          basic_ecumenical_altar, minmay_box_of_dots
D:2:      layout_loops_corners
D:3:      layout_rooms, serial_shops, nicolae_diamond_shop
D:4:      layout_gridville, mainiacjoe_overflow_surrounded_room, uniq_eustachio,
          uniq_sigmund
D:5:      layout_cave_pools, minmay_checkerbox
D:6:      cheibrodos_iron_armory, layout_layer_cave, hangedman_minor_gate_pass
D:7:      layout_basic, minmay_temple_entry_grid
D:8:      minmay_bubble_buster, layout_basic, gammafunk_temple_overflow_pools,
          dpeg_lair_monsters, grunt_ministairs_14
D:9:      layout_long_grid, enter_bailey_8, fountainhead
D:10:     layout_rooms, david_orc_2, minmay_misc_feat_columns
D:11:     layout_gridville, serial_shops, shop,
          eino_small_chamber_without_monster, hangedman_corner_corridor,
          uniq_maurice
D:12:     layout_roguey, portal_ice_cave_entry_ice_simulacra, uniq_lodul,
          uniq_frances, uniq_fannar
D:13:     minmay_the_grid_plus_closed [minmay_the_grid_paths,
          minmay_the_grid_tree, minmay_the_grid_minigrid_medium,
          minmay_the_grid_minigrid_small_alt, minmay_the_grid_prize_big_room],
          layout_irregular_city, grunt_vaults_entry_fortified
D:14:     layout_irregular_city, serial_ice, serial_ice_f, serial_ice_l,
          serial_ice_n, serial_ice_o, uniq_louise
D:15:     grunt_enter_depths_hoard, layout_stronghold, serial_shops,
          nicolae_shop_tiny_real_fake_doors, serial_undead, serial_undead_f,
          serial_undead_b, serial_undead_e, serial_undead_d, serial_undead_e,
          serial_undead_b, serial_undead_c, lemuel_tele_altar
Temple:   nicolae_temple_bog_church
Lair:1:   layout_roguey
Lair:2:   layout_chaotic_city, palyth_hydra_swamp_entry
Lair:3:   layout_loops_ring, minmay_snake_entry_six_corridors,
          beast_lair_carwin_8, grunt_megastairs_5, infiniplex_staircase_pool_2
Lair:4:   layout_loops_ring, dpeg_slime_entry_enclosed, enter_volcano_1,
          st_stairs_6, nzn_sisyphean_effort
Lair:5:   minmay_lair_end_frog_pond, layout_big_grid, uniq_rupert
Snake:1:  layout_basic, grunt_megastairs_2
Orc:1:    layout_caves, serial_shops, nicolae_shop_bloodbath_and_beyond,
          mines1_david
Orc:2:    st_orc_mages, layout_caves, basic_altar, abandoned_shop,
          statue_in_the_mist_lemuel, elf_legates
Abyss:4:  base: D:3, serial_sigils_hangedman_shear,
          spicy_abyss_unhelpful_harpoons

Notes
Turn   | Place    | Note
-------+----------+-------------------------------------------
     0 | D:1      | Jeffwins the Human Wanderer began the quest for the Orb.
     0 | D:1      | Jeffwins set off with the following items: a +2 sling, a
                  | wand of polymorph (6), a potion of curing {@q1}, a +0 robe;
                  | and the following spell memorised: Foxfire; and the
                  | following spells available to memorise: Ignite Poison.
     0 | D:1      | Reached XP level 1. HP: 15/15 MP: 2/2
   205 | D:1      | Reached XP level 2. HP: 21/21 MP: 3/3
   481 | D:1      | Found a faded altar of an unknown god.
   882 | D:2      | Reached XP level 3. HP: 26/26 MP: 4/4
  1459 | D:2      | Reached XP level 4. HP: 32/32 MP: 4/6
  1683 | D:3      | Reached skill level 1 in Throwing
  1692 | D:3      | Reached skill level 1 in Conjurations
  1698 | D:3      | Identified the +5 whip of Egomania {elec, Int+4}
  1704 | D:3      | Found Sashrai's General Store.
  1711 | D:3      | Reached XP level 5. HP: 37/37 MP: 1/7
  1725 | D:3      | Bought a potion of degeneration for 11 gold pieces
  2364 | D:4      | Reached skill level 2 in Fighting
  2364 | D:4      | Reached skill level 5 in Ranged Weapons
  2364 | D:4      | Reached XP level 6. HP: 44/44 MP: 8/8
  2497 | D:4      | Noticed Sigmund
  2499 | D:4      | Sigmund changed into Sigmund the boggart
  2499 | D:4      | Noticed Sigmund
  2504 | D:4      | Killed Sigmund the boggart
  2505 | D:4      | Reached skill level 1 in Dodging
  2505 | D:4      | Reached skill level 2 in Spellcasting
  2624 | D:4      | Noticed a steam dragon
  2634 | D:4      | a steam dragon changed into a fire bat
  2634 | D:4      | Noticed a fire bat
  2639 | D:4      | a fire bat changed into a swamp drake
  2639 | D:4      | Noticed a swamp drake
  2641 | D:4      | Identified 2 scrolls of acquirement
  2660 | D:4      | Killed a swamp drake
  2661 | D:4      | Reached skill level 2 in Throwing
  2661 | D:4      | Reached skill level 3 in Fire Magic
  2661 | D:4      | Reached skill level 3 in Evocations
  2661 | D:4      | Reached XP level 7. HP: 38/50 MP: 8/10
  2673 | D:4      | Acquired 754 gold pieces
  2674 | D:4      | Acquired a +0 cloak of willpower
  2853 | D:4      | Found an ornate altar of the Wu Jian Council.
  2919 | D:4      | Reached skill level 2 in Conjurations
  3304 | D:4      | Acquired 894 gold pieces
  3310 | D:4      | Noticed Eustachio
  3311 | D:4      | Eustachio changed into Eustachio the kobold
  3311 | D:4      | Noticed Eustachio
  3316 | D:4      | Killed Eustachio the kobold
  3594 | D:5      | Entered Level 5 of the Dungeon
  3602 | D:5      | Found the +5 Force Lance {heavy, knockback}
  4208 | D:4      | Reached XP level 8. HP: 57/57 MP: 6/11
  4284 | D:5      | Reached skill level 1 in Shields
  4312 | D:5      | Reached skill level 2 in Dodging
  4554 | D:5      | Reached skill level 3 in Fighting
  4554 | D:5      | Reached skill level 6 in Ranged Weapons
  5281 | D:6      | Noticed a troll
  5295 | D:6      | Reached skill level 3 in Throwing
  5295 | D:6      | Killed a troll
  5296 | D:6      | Reached skill level 2 in Shields
  5296 | D:6      | Reached skill level 3 in Spellcasting
  5296 | D:6      | Reached skill level 3 in Conjurations
  5296 | D:6      | Reached XP level 9. HP: 57/64 MP: 8/13
  5508 | D:6      | Reached skill level 4 in Fire Magic
  5520 | D:6      | Noticed a cyclops
  5522 | D:6      | Reached skill level 4 in Evocations
  5529 | D:6      | Killed a cyclops
  5530 | D:6      | Reached skill level 3 in Dodging
  6679 | D:3      | Bought a potion of ambrosia for 88 gold pieces
  6679 | D:3      | Bought a wand of roots (10) for 264 gold pieces
  6679 | D:3      | Bought a +3 leather armour of poison resistance for 231
                  | gold pieces
  6824 | D:7      | Found a staircase to the Ecumenical Temple.
  6840 | Temple   | Entered the Ecumenical Temple
  6998 | Temple   | Became a worshipper of Vehumet
  7128 | D:7      | Reached skill level 7 in Ranged Weapons
  7128 | D:7      | Reached skill level 4 in Conjurations
  7153 | D:7      | Learned a level 3 spell: Ignite Poison
  7469 | D:6      | Noticed a rust devil
  7469 | D:6      | Noticed a rust devil
  7478 | D:6      | Reached skill level 4 in Spellcasting
  7482 | D:6      | Killed a rust devil
  7482 | D:6      | Killed a rust devil
  7483 | D:6      | Reached skill level 4 in Fighting
  7483 | D:6      | Reached skill level 3 in Shields
  7483 | D:6      | Reached skill level 1 in Transmutations
  7483 | D:6      | Reached skill level 1 in Poison Magic
  7483 | D:6      | Reached XP level 10. HP: 44/71 MP: 14/16
  7926 | D:7      | Reached * piety under Vehumet
  7926 | D:7      | Offered knowledge of Magic Dart by Vehumet.
  7929 | D:7      | Reached skill level 4 in Throwing
  7930 | D:7      | Reached skill level 2 in Transmutations
  7930 | D:7      | Reached skill level 5 in Fire Magic
  8004 | D:7      | Reached skill level 2 in Poison Magic
  8379 | D:8      | Noticed a death yak
  8381 | D:8      | Noticed a death yak
  8415 | D:8      | Killed a death yak
  8416 | D:8      | Reached skill level 5 in Spellcasting
  8420 | D:8      | Noticed a death yak
  8425 | D:8      | Killed a death yak
  8426 | D:8      | Reached skill level 5 in Conjurations
  8575 | D:8      | Killed a death yak
  8576 | D:8      | Reached skill level 5 in Evocations
  8886 | D:8      | Found a hide-covered altar of Uskayaw.
  8886 | D:8      | Found a burning altar of Makhleb.
  8892 | D:8      | Reached XP level 11. HP: 76/77 MP: 18/18
  8955 | D:8      | Found a staircase to the Lair.
  9325 | D:8      | Reached skill level 3 in Transmutations
  9325 | D:8      | Reached skill level 3 in Poison Magic
  9479 | D:8      | Offered knowledge of Static Discharge by Vehumet.
  9550 | D:8      | Reached ** piety under Vehumet
  9551 | D:8      | Reached skill level 4 in Dodging
 10149 | D:9      | Reached skill level 8 in Ranged Weapons
 10335 | D:9      | Found a flagged portal.
 10344 | Bailey   | Entered a bailey
 10608 | Bailey   | Offered knowledge of Momentum Strike by Vehumet.
 10652 | Bailey   | Reached skill level 5 in Fighting
 10652 | Bailey   | Reached skill level 5 in Throwing
 10652 | Bailey   | Reached skill level 1 in Stealth
 10652 | Bailey   | Reached skill level 4 in Shields
 10652 | Bailey   | Reached skill level 6 in Spellcasting
 10652 | Bailey   | Reached skill level 6 in Conjurations
 10652 | Bailey   | Reached skill level 4 in Transmutations
 10652 | Bailey   | Reached skill level 6 in Fire Magic
 10652 | Bailey   | Reached skill level 4 in Poison Magic
 10652 | Bailey   | Reached XP level 12. HP: 86/86 MP: 10/21
 10993 | Bailey   | Reached *** piety under Vehumet
 11566 | D:9      | Learned a level 5 spell: Freezing Cloud
 11583 | D:10     | Entered Level 10 of the Dungeon
 11852 | D:10     | Reached skill level 2 in Stealth
 11905 | D:10     | Found a staircase to the Orcish Mines.
 12023 | D:10     | Reached skill level 5 in Transmutations
 12334 | D:10     | Offered knowledge of Flame Wave by Vehumet.
 12448 | D:10     | Reached skill level 5 in Poison Magic
 12827 | D:11     | Found Gioresuf's Book Emporium.
 12835 | D:11     | Bought a book of Minor Magic for 252 gold pieces
 12835 | D:11     | Bought a book of Rime for 392 gold pieces
 12835 | D:11     | Bought Ozocubu's Autobiography for 336 gold pieces
 12839 | D:11     | Learned a level 3 spell: Mephitic Cloud
 12843 | D:11     | Learned a level 3 spell: Frozen Ramparts
 12895 | D:11     | Reached skill level 1 in Air Magic
 12953 | D:11     | Reached skill level 9 in Ranged Weapons
 13064 | D:11     | Reached skill level 1 in Ice Magic
 13230 | D:11     | Reached skill level 7 in Fire Magic
 13351 | D:11     | Noticed Maurice
 13357 | D:11     | Killed Maurice
 13437 | D:11     | Identified 3 potions of resistance
 13483 | D:11     | Reached XP level 13. HP: 85/92 MP: 13/22
 13595 | D:11     | Reached skill level 6 in Evocations
 13808 | D:11     | Reached skill level 2 in Air Magic
 13917 | D:11     | You fall into a shaft and drop 3 floors!
 13952 | D:14     | Reached **** piety under Vehumet
 13953 | D:14     | Reached skill level 5 in Dodging
 14063 | D:14     | Noticed a centaur warrior
 14066 | D:14     | Killed a centaur warrior
 14067 | D:14     | Reached skill level 7 in Conjurations
 14067 | D:14     | Reached skill level 2 in Ice Magic
 14365 | D:13     | Noticed an eight-headed hydra
 14386 | D:14     | Offered knowledge of Volatile Blastmotes by Vehumet.
 14484 | D:14     | Noticed Louise
 14522 | D:14     | Noticed a centaur warrior
 14680 | D:14     | Killed a centaur warrior
 14830 | D:13     | Noticed a vault guard
 14831 | D:13     | Noticed a vault guard
 14887 | D:12     | Noticed Lodul
 14979 | D:12     | Found a frozen archway.
 15089 | IceCv    | Entered an ice cave
 15092 | IceCv    | Reached skill level 7 in Spellcasting
 15174 | IceCv    | Found a transporter.
 15190 | IceCv    | Found a transporter.
 15540 | Lair:1   | Entered Level 1 of the Lair of Beasts
 15548 | Lair:1   | Reached skill level 3 in Stealth
 15548 | Lair:1   | Reached skill level 3 in Air Magic
 15757 | Lair:1   | Reached skill level 3 in Ice Magic
 15866 | Lair:1   | Reached ***** piety under Vehumet
 15866 | Lair:1   | Offered knowledge of Sticky Flame by Vehumet.
 15872 | Lair:1   | Learned a level 4 spell: Sticky Flame
 15958 | Lair:1   | Reached skill level 6 in Transmutations
 15992 | Lair:1   | Reached skill level 6 in Poison Magic
 16684 | Lair:2   | Noticed a four-headed hydra
 16689 | Lair:2   | Reached skill level 5 in Shields
 16693 | Lair:2   | Killed a four-headed hydra
 16697 | Lair:2   | Reached XP level 14. HP: 91/99 MP: 16/25
 16941 | Lair:2   | Found a staircase to the Swamp.
 17536 | Lair:3   | Reached skill level 4 in Air Magic
 17695 | Lair:3   | Reached skill level 6 in Throwing
 17695 | Lair:3   | Reached skill level 8 in Fire Magic
 18079 | Lair:3   | Offered knowledge of Fireball by Vehumet.
 18080 | Lair:3   | Reached skill level 4 in Stealth
 18086 | Lair:3   | Learned a level 5 spell: Fireball
 18204 | Lair:3   | Reached skill level 6 in Fighting
 18218 | Lair:3   | Reached skill level 4 in Ice Magic
 18314 | Lair:3   | Reached skill level 8 in Conjurations
 18431 | Lair:3   | Found a staircase to the Snake Pit.
 18502 | Lair:3   | Reached skill level 10 in Ranged Weapons
 19517 | Snake:1  | Entered Level 1 of the Snake Pit
 19703 | Lair:4   | Reached skill level 7 in Transmutations
 19829 | Lair:4   | Reached skill level 7 in Poison Magic
 20009 | Lair:4   | Found a dark tunnel.
 20018 | Volcano  | Entered a volcano
 20462 | Lair:4   | Reached skill level 8 in Spellcasting
 20648 | Lair:4   | Found a viscous altar of Jiyva.
 20648 | Lair:4   | Found a staircase to the Slime Pits.
 20697 | Lair:5   | Entered Level 5 of the Lair of Beasts
 20745 | Lair:5   | Reached skill level 5 in Air Magic
 20821 | Lair:5   | Reached XP level 15. HP: 99/105 MP: 20/27
 21626 | Lair:5   | Reached skill level 6 in Dodging
 21838 | Lair:5   | Reached skill level 5 in Ice Magic
 22046 | Lair:5   | Noticed Rupert
 22058 | Lair:5   | Killed Rupert
 22192 | Lair:5   | Identified the +1 ring mail "Sodaezy" {Str-3 Int+5}
 22335 | Lair:5   | Reached skill level 7 in Evocations
 22658 | Orc:1    | Entered Level 1 of the Orcish Mines
 23497 | Orc:1    | Found Caecuxy's Weapon Shop.
 23649 | Orc:2    | Entered Level 2 of the Orcish Mines
 23689 | Orc:2    | Found a staircase to the Elven Halls.
 23729 | Orc:2    | Reached skill level 5 in Stealth
 23747 | Orc:2    | Reached skill level 9 in Fire Magic
 24011 | Orc:2    | Reached skill level 6 in Air Magic
 24013 | Orc:2    | Offered knowledge of Arcjolt by Vehumet.
 24491 | Orc:2    | Reached skill level 9 in Conjurations
 24668 | Orc:2    | Found Jeuhomi's Antique Armour Emporium.
 24668 | Orc:2    | Found Saz Ufeh's Assorted Antiques.
 24669 | Orc:2    | Found Dureecha's Antique Armour Shoppe.
 24673 | Orc:2    | Found Xiagonk's Weapon Shoppe.
 24680 | Orc:2    | Bought a pair of embroidered gloves for 210 gold pieces
 24680 | Orc:2    | Bought a faintly glowing leather armour for 196 gold pieces
 24680 | Orc:2    | Identified the +0 leather armour "Roug" {Dex+3} (You bought
                  | it in a shop on level 2 of the Orcish Mines)
 24680 | Orc:2    | Bought a slimy leather armour for 196 gold pieces
 24680 | Orc:2    | Identified the +0 leather armour of Impatience {rPois
                  | Str+7} (You bought it in a shop on level 2 of the Orcish
                  | Mines)
 24681 | Orc:2    | Bought an encrusted leather armour for 245 gold pieces
 24681 | Orc:2    | Identified the +1 leather armour "Hero's Friend" {-Cast rC+
                  | rCorr Dex+3} (You bought it in a shop on level 2 of the
                  | Orcish Mines)
 24681 | Orc:2    | Bought the +3 pair of mountain boots {steadfast, rC+} for
                  | 1172 gold pieces
 24681 | Orc:2    | Found the +3 pair of mountain boots {steadfast, rC+}
 25019 | Orc:2    | Reached skill level 8 in Poison Magic
 25019 | Orc:2    | Reached XP level 16. HP: 107/113 MP: 6/28
 25797 | D:12     | Reached skill level 8 in Transmutations
 25825 | D:12     | Noticed Fannar
 25855 | D:12     | Killed Fannar
 25945 | D:12     | Reached skill level 6 in Ice Magic
 25966 | D:12     | Noticed Frances
 25980 | D:12     | Killed Frances
 26321 | D:12     | Reached skill level 11 in Ranged Weapons
 26354 | D:12     | Killed Lodul
 26953 | D:13     | Reached skill level 9 in Spellcasting
 26958 | D:13     | Offered knowledge of Plasma Beam by Vehumet.
 27086 | D:13     | Reached skill level 7 in Fighting
 27726 | D:13     | Reached skill level 7 in Air Magic
 28002 | D:13     | Found a gate to the Vaults.
 28728 | D:15     | Entered Level 15 of the Dungeon
 28827 | D:15     | Reached skill level 10 in Fire Magic
 29120 | D:14     | Learned a level 6 spell: Plasma Beam
 29131 | D:15     | Reached skill level 7 in Ice Magic
 29596 | D:15     | Reached XP level 17. HP: 115/120 MP: 6/30
 29797 | D:15     | Reached ****** piety under Vehumet
 29863 | D:15     | Reached skill level 10 in Conjurations
 30006 | D:14     | You are cast into the Abyss!
 30006 | Abyss:3  | Cast into level 3 of the Abyss (Louise)
 30011 | Abyss:3  | Found a corrupted altar of Lugonu.
 30052 | Abyss:3  | Found a corrupted altar of Lugonu.
 30121 | Abyss:3  | Offered knowledge of Conjure Ball Lightning by Vehumet.
 30151 | Abyss:3  | Noticed a profane servitor
 30203 | Abyss:3  | Noticed a quicksilver dragon
 30288 | Abyss:3  | Noticed a bone dragon
 30348 | Abyss:3  | Noticed a bone dragon
 30561 | Abyss:4  | Noticed a bone dragon
 30623 | Abyss:4  | Noticed a tentacled starspawn
 30628 | Abyss:4  | HP: 1/120 [bone dragon (21)]
 30629 | Abyss:4  | Slain by a bone dragon

Vanquished Creatures
  Rupert (Lair:5)
  Frances (D:12)
  An orc warlord (Orc:2)
  An ettin (Orc:2)
  5 vault guards (D:13)
  8 hydras
  A catoblepas (D:14)
  5 centaur warriors
  An ogre mage (Orc:2)
  5 boulder beetles
  9 two-headed ogres
  5 orc high priests (Orc:2)
  5 death yaks
  2 deep elf knights
  A skyshark (Lair:5)
  A thrashing horror (Abyss:3)
  5 skeletal warriors (D:15)
  Lodul (D:12)
  A goliath frog (Lair:5)
  A glowing orange brain (Abyss:3)
  A deep elf archer (D:13)
  3 orc knights
  A wizard (D:13)
  4 deep elf pyromancers
  4 orc sorcerers
  10 ugly things
  A wolf spider (D:15)
  A stone giant zombie (Abyss:4)
  2 manticores
  7 cyclopes
  Maurice (D:11)
  4 black mambas
  A water nymph (shapeshifter) (D:13)
  2 gargoyles
  2 rust devils (D:6)
  A centaur zombie (D:15)
  A smoke demon (Abyss:4)
  22 cane toads
  2 torpor snails (Lair:3)
  A kobold demonologist (D:12)
  An unseen horror (D:11)
  A rime drake (Lair:4)
  5 efreet
  7 komodo dragons
  A tengu conjurer (D:13)
  3 meliai (D:14)
  2 polar bears
  9 trolls
  2 hornets
  A tyrant leech (Lair:5)
  A raiju (Abyss:4)
  30 blink frogs
  10 dream sheep
  2 flying skulls (Abyss:4)
  A small abomination (Abyss:4)
  6 shadows
  12 slime creatures
  2 centaur simulacra (D:14)
  6 wraiths
  A water elemental (D:14)
  A vampire (D:14)
  2 large abominations (Abyss:3)
  2 basilisks
  3 wyverns
  5 fire elementals (Volcano)
  45 yaks
  16 vampire mosquitoes
  A chaos spawn (Abyss:3)
  3 wargs
  A swamp worm (Lair:2)
  21 water moccasins
  4 ice beasts
  2 black bears (shapeshifter) (D:13)
  A swamp drake (D:4)
  A sky beast (D:8)
  36 orc warriors
  3 wolves (Lair:3)
  A hornet zombie (D:15)
  20 ogres
  A boggart (D:4)
  11 centaurs
  3 kobold brigands
  17 bullfrogs
  A gnoll sergeant (D:8)
  A cane toad simulacrum (IceCv)
  5 scorpions
  3 two-headed ogre simulacra (D:12)
  10 wights
  2 elephant simulacra
  6 killer bees
  3 electric eels
  13 howler monkeys
  2 hounds
  3 jellies
  4 gnoll boudas
  30 orc priests
  3 sleepcaps
  2 boggart zombies (D:15)
  3 iguanas
  31 orc wizards
  3 spriggan simulacra (D:12)
  A wolf simulacrum (IceCv)
  11 gnolls
  A naga simulacrum (D:12)
  8 adders
  A shadow imp (D:6)
  3 white imps
  4 ufetubi
  A worm (D:3)
  2 dart slugs
  87 orcs
  6 ball pythons
  4 endoplasms
  2 giant cockroaches
  9 goblins
  6 hobgoblins
  5 jackals
  14 kobolds
  7 quokkas
  3 bats
  A frilled lizard (D:2)
  3 rats
  2 fire vortices (Volcano)
740 creatures vanquished.

Vanquished Creatures (collateral kills)
  Fannar (D:12)
  A vampire mosquito (D:14)
2 creatures vanquished.

Vanquished Creatures (others)
  A troll (D:11)
  2 centaurs (D:14)
  An ufetubus (Abyss:4)
  1203 foxfires
  44 fungi
  115 plants
  A starspawn tentacle (Abyss:4)
  7 withered plants (D:15)
1374 creatures vanquished.

Grand Total: 2116 creatures vanquished

Table legend: (Time is in decaauts)
 A = Elapsed time spent in this place.
 B = Non-inter-level travel time spent in this place.
 C = Inter-level travel time spent in this place.
 D = Time resting spent in this place.
 E = Time spent auto-exploring this place.
 F = Levels seen in this place.
 G = Mean time per level.
                   A        B        C        D        E       F      G
               +--------+--------+--------+--------+--------+-----+--------+
         Total |  30672 |  29095 |   1577 |   3425 |  19269 |  29 | 1057.7 |
       Dungeon |  19406 |  18378 |   1028 |   2171 |  12554 |  15 | 1293.7 |
        Temple |    173 |    149 |     24 |      0 |    133 |   1 |  173.0 |
          Lair |   6804 |   6362 |    442 |    469 |   4748 |   5 | 1360.8 |
     Snake Pit |      1 |      1 |      0 |      0 |      0 |   1 |    1.0 |
  Orcish Mines |   2541 |   2459 |     82 |    568 |   1301 |   2 | 1270.5 |
         Abyss |    601 |    601 |      0 |      9 |      0 |   2 |  300.5 |
        Bailey |    708 |    708 |      0 |      8 |    527 |   1 |  708.0 |
      Ice Cave |    120 |    120 |      0 |     72 |      5 |   1 |  120.0 |
       Volcano |    314 |    314 |      0 |    127 |      0 |   1 |  314.0 |
               +--------+--------+--------+--------+--------+-----+--------+

Top non-repeatable levels by time:
  Lair:3: 2166 daAuts
     D:4: 1939 daAuts
   Orc:2: 1811 daAuts
     D:6: 1742 daAuts
  Lair:5: 1673 daAuts
     D:8: 1640 daAuts
    D:14: 1554 daAuts
    D:13: 1540 daAuts
    D:11: 1497 daAuts
    D:10: 1494 daAuts
     D:7: 1359 daAuts
    D:12: 1271 daAuts
    D:15: 1126 daAuts
  Lair:4: 1062 daAuts
  Lair:1: 1054 daAuts

Table legend:
 A = Non-vault XP
 B = Vault XP
 C = Vault XP percentage of total XP
 D = Non-vault monster count
 E = Vault monster count
 F = Vault count percentage of total count
                 A         B        C        D         E       F
            +---------+---------+-------+---------+---------+-------
      Total |   81708 |   70347 |  46.3 |     448 |     293 |  39.5
            +---------+---------+-------+---------+---------+-------
        D:1 |      20 |       2 |   9.1 |      11 |       1 |   8.3
        D:2 |      54 |       0 |   0.0 |      24 |       0 |   0.0
        D:3 |     100 |       0 |   0.0 |      17 |       0 |   0.0
        D:4 |     647 |     114 |  15.0 |      22 |       2 |   8.3
        D:5 |     482 |     175 |  26.6 |      12 |       4 |  25.0
        D:6 |     441 |    2230 |  83.5 |      14 |      11 |  44.0
        D:7 |     931 |       0 |   0.0 |      18 |       0 |   0.0
        D:8 |     623 |    4132 |  86.9 |      11 |      31 |  73.8
        D:9 |    1383 |       3 |   0.2 |      12 |       1 |   7.7
       D:10 |    1459 |     414 |  22.1 |      19 |       7 |  26.9
       D:11 |    3761 |    2211 |  37.0 |      21 |       9 |  30.0
       D:12 |    7042 |    4599 |  39.5 |      26 |      20 |  43.5
       D:13 |    5033 |   14523 |  74.3 |      22 |      26 |  54.2
       D:14 |    6949 |     467 |   6.3 |      18 |       5 |  21.7
       D:15 |    8138 |    4945 |  37.8 |      17 |      14 |  45.2
     Lair:1 |    8432 |       0 |   0.0 |      34 |       0 |   0.0
     Lair:2 |    1548 |    2356 |  60.3 |       5 |       5 |  50.0
     Lair:3 |   13201 |    5567 |  29.7 |      49 |      25 |  33.8
     Lair:4 |    1467 |    1215 |  45.3 |       5 |       2 |  28.6
     Lair:5 |    6056 |   11147 |  64.8 |      16 |      33 |  67.3
      Orc:1 |    2089 |       0 |   0.0 |      36 |       0 |   0.0
      Orc:2 |    7827 |   11788 |  60.1 |      27 |      49 |  64.5
    Abyss:3 |    2359 |       0 |   0.0 |       6 |       0 |   0.0
    Abyss:4 |    1666 |       0 |   0.0 |       6 |       0 |   0.0
     Bailey |       0 |    1655 | 100.0 |       0 |      36 | 100.0
      IceCv |       0 |     726 | 100.0 |       0 |       4 | 100.0
    Volcano |       0 |    2078 | 100.0 |       0 |       8 | 100.0
            +---------+---------+-------+---------+---------+-------
